 Dungeon Crawl Stone Soup version 0.24-a0-586-g8e0e932 (webtiles) character file.

Game seed: 2199705017076370719, levelgen mode: deterministic

140 COBRA the Chopper (level 5, 21/45 HPs)
             Began as a Hill Orc Fighter on Sept 8, 2019.
             Quit the game on level 4 of the Dungeon.
             The game lasted 00:03:11 (1058 turns).

COBRA the Chopper (Hill Orc Fighter)                Turns: 1058, Time: 00:03:11

Health: 21/45      AC:  7    Str: 20    XL:     5   Next: 22%
Magic:  5/5        EV:  7    Int:  8    God:
Gold:   98         SH:  8    Dex: 10    Spells: 4/4 levels left

rFire    . . .     SeeInvis .   a - +1 war axe
rCold    . . .     Gourm    .   c - +0 shield
rNeg     . . .     Faith    .   b - +0 scale mail
rPois    .         Spirit   .   (no helmet)
rElec    .         Reflect  .   j - +0 cloak
rCorr    .         Harm     .   (no gloves)
MR       .....                  (no boots)
Stlth    ..........             m - amulet of inaccuracy (curse)
HPRegen  0.15/turn              (no ring)
MPRegen  0.09/turn              (no ring)

@: drained
A: no striking features
a: no special abilities


You were on level 4 of the Dungeon.
You were not hungry.

You visited 1 branch of the dungeon, and saw 4 of its levels.

You collected 98 gold pieces.

Inventory:

Hand Weapons
 a - a +1 war axe (weapon)
Armour
 b - a +0 scale mail (worn)
 c - a +0 shield (worn)
 j - a +0 cloak (worn)
Jewellery
 m - a cursed amulet of inaccuracy (around neck)
Wands
 o - a wand of iceblast (12)
Scrolls
 l - a scroll of amnesia
Potions
 d - 2 potions of might
 e - 2 potions of curing
 h - a potion of lignification {unknown}
 i - a potion of haste {unknown}
 k - a potion of resistance {unknown}
Comestibles
 f - 3 rations
 g - a chunk of flesh


   Skills:
 - Level 3.6(2.5) Fighting
 * Level 7.0(5.8) Axes
 - Level 3.2(2.2) Armour
 - Level 3.2(2.2) Shields


You had 4 spell levels left.
You didn't know any spells.
Your spell library was empty.

Dungeon Overview and Level Annotations

Branches:
Dungeon (4/15)
 Temple: D:4-7

Altars:


Message History

No target in view!
No target in view!
No target in view!
No target in view!
No target in view!
No target in view!
No target in view!
No target in view!
No target in view!
No target in view!
No target in view!
No target in view!
No target in view!
No target in view!
No target in view!
No target in view!
As you read the scroll labeled FOJYASMI RIZXU, it crumbles to dust.
It is a scroll of enchant weapon.
Your +0 war axe glows red for a moment.
Are you sure you want to abandon this character and quit the game? (Confirm with "yes".)

##. ##..##
..######....##
#.........<#.#
##[#...##.#..####.#
#......##.#.......#
###................##
.................#.#
#.......[.##.### ..
#.##.)@...# .# #
#......# ## ###.รท.##
.o.####.###.#
#.....?....#
....###........ ##
#########


There were no monsters in sight!

Vanquished Creatures
  A howler monkey (D:4)
  A worker ant (D:2)
  An adder (D:2)
  An ooze (D:3)
  A worm (D:2)
  A dart slug (D:4)
  A leopard gecko (D:1)
  An orc (D:4)
  5 ball pythons
  6 bats (D:1)
  6 goblins
  3 hobgoblins
  13 jackals
  4 kobolds
  A quokka (D:4)
  3 frilled lizards (D:1)
  4 rats (D:1)
53 creatures vanquished.

Notes
Turn   | Place    | Note
-------+----------+-------------------------------------------
     0 | D:1      | COBRA the Hill Orc Fighter began the quest for the Orb.
     0 | D:1      | Reached XP level 1. HP: 19/19 MP: 1/1
    52 | D:2      | Reached skill level 3 in Axes
    69 | D:3      | Reached XP level 2. HP: 15/26 MP: 2/2
    81 | D:3      | Reached skill level 4 in Axes
   115 | D:2      | Reached XP level 3. HP: 10/31 MP: 3/3
   210 | D:2      | Reached skill level 5 in Axes
   211 | D:2      | Reached XP level 4. HP: 12/39 MP: 4/4
   501 | D:1      | Reached skill level 6 in Axes
  1011 | D:4      | Reached XP level 5. HP: 23/45 MP: 5/5
  1056 | D:4      | Reached skill level 7 in Axes
  1058 | D:4      | Quit the game

Levels and vault maps discovered:
D:1:      psy_arrival_spokes, layout_basic
D:2:      layout_loops_ring, tgw_trog
D:3:      minmay_evil_eye, layout_loops_ring, minmay_misc_feat_diagonals
D:4:      layout_loops_ring, kennysheep_little_box,
          yredelemnul_forgotten_temple_becter, first_ration

Skill      XL: |  1  2  3  4  5 |
---------------+----------------+-----
Axes           | 3 4 5 6 7 |  7.0
Fighting       | |  3.6
Armour         | |  3.2
Shields        | |  3.2

Action                   |  1- 3 |  4- 6 || total
-------------------------+-------+-------++-------
Melee: War axe           |    47 |   241 ||   288
  Use: Scroll            |       |     7 ||     7
  Eat: Chunk             |       |     1 ||     1
Armor: Scale mail        |    42 |   245 ||   287
Dodge: Dodged            |    24 |   110 ||   134
Block: Shield            |    25 |   162 ||   187

Table legend:
 A = Non-vault XP
 B = Vault XP
 C = Vault XP percentage of total XP
 D = Non-vault monster count
 E = Vault monster count
 F = Vault count percentage of total count
                 A         B        C        D         E       F
            +---------+---------+-------+---------+---------+-------
      Total |     200 |       0 |   0.0 |      53 |       0 |   0.0
            +---------+---------+-------+---------+---------+-------
        D:1 |      52 |       0 |   0.0 |      31 |       0 |   0.0
        D:2 |      66 |       0 |   0.0 |      11 |       0 |   0.0
        D:3 |      19 |       0 |   0.0 |       7 |       0 |   0.0
        D:4 |      63 |       0 |   0.0 |       4 |       0 |   0.0
            +---------+---------+-------+---------+---------+-------
